 Dungeon Crawl Stone Soup version 0.18-a0-1718-g40ea4b6 (webtiles) character file.

82 Duffy the Chucker (level 4, 0/35 HPs)
             Began as a Formicid Hunter on Apr 8, 2016.
             Slain by a gnoll
             ... wielding a +0 spear
              (2 damage)
             ... on level 2 of the Dungeon.
             The game lasted 00:02:34 (2299 turns).

Duffy the Chucker (Formicid Hunter)                 Turns: 2299, Time: 00:02:35

Health: 0/35       AC:  9    Str: 16    XL:     4   Next: 70%
Magic:  4/4        EV:  7    Int: 11    God:
Gold:   66         SH:  0    Dex: 12    Spells: 0 memorised, 3 levels left

rFire  . . .     SeeInvis +     p - +2 dagger (venom)
rCold  . . .     Gourm    .     g - +0 chain mail
rNeg   . . .     Faith    .     (no shield)
rPois  .         Spirit   .     (helmet unavailable)
rElec  .         Dismiss  .     (no cloak)
rCorr  .         Reflect  .     (no gloves)
SustAt .         Harm     .     (no boots)
MR     .....                    (no amulet)
Stlth  ..........               (no ring)
                                (no ring)

@: not resistant to hostile enchantments, extremely unstealthy
A: permanent stasis, dig shafts and tunnels, four strong arms, antennae 3
a: Dig, Shaft Self


You were on level 2 of the Dungeon.
You were not hungry.

You visited 1 branch of the dungeon, and saw 2 of its levels.

You collected 66 gold pieces.


Innate Abilities, Weirdness & Mutations

You are under a permanent stasis effect.
You can dig through walls and to a lower floor.
Your four strong arms can wield two-handed weapons with a shield.
You have a pair of large antennae on your head (SInv).


   Skills:
 - Level 3.0 Fighting
 - Level 1.0 Axes
 - Level 4.0 Throwing
 + Level 3.4 Armour
 - Level 1.7 Dodging
 - Level 1.2 Stealth


You had 3 spell levels left.
You didn't know any spells.

Inventory:

Hand Weapons
 a - a +0 short sword
 o - a +0 hand axe
 p - a +2 dagger of venom (weapon)
Missiles
 c - 6 javelins (quivered)
 d - 2 throwing nets
Armour
 b - a +0 leather armour
 e - a +0 scale mail
 g - a +0 chain mail (worn)
Scrolls
 h - 2 scrolls of immolation {unknown}
 l - a scroll of enchant weapon {unknown}
 r - a scroll of identify {unknown}
 s - a scroll of teleportation {unknown}
Potions
 i - a potion of haste {unknown}
 j - a potion of lignification {unknown}
 k - a potion of mutation {unknown}
 n - a potion of agility {unknown}
Comestibles
 f - 4 bread rations
 m - a slice of pizza
 q - 4 chunks of flesh

Dungeon Overview and Level Annotations

Branches:
Dungeon (2/15)

Altars:


Message History

You are too injured to fight recklessly!
You are too injured to fight recklessly!
You are too injured to fight recklessly!
You are too injured to fight recklessly!
You are too injured to fight recklessly!
You are too injured to fight recklessly!
You are too injured to fight recklessly!
You are too injured to fight recklessly!
You are too injured to fight recklessly!
You are too injured to fight recklessly!
You completely miss the worm.
The worm is lightly wounded.
The worm bites you but does no damage.
The gnoll hits you from afar with a spear.
You hit the worm.
The worm looks even sicker.
The worm is moderately wounded.
The gnoll hits you from afar with a spear.
You hit the worm.
The worm is severely wounded.
The worm bites you. The gnoll barely misses you.
You barely miss the worm.
The worm is severely wounded.
The gnoll hits you but does no damage. The worm closely misses you.
Your chain mail prevents you from hitting the worm.
The worm is severely wounded.
The gnoll hits you from afar with a spear.
You hit the worm.
You kill the worm!
The gnoll closely misses you. The gnoll hits you with a spear.
You see here a worm corpse.
You hit the gnoll.
The gnoll is lightly wounded.
The gnoll hits you with a spear.
You die...

...............................).
.###...#..##.###.####.########.#.
.###...#.........# #.# #......
.......#..##)###.####.### #......
.............#..........# #......
.###.)##..##.#.#.####.#.# #####..
#...(%....# #.# #.#.# ##.
+###..##(.#### #%# ####.########.
...#..##..# #@# #.............
...#..###.# # #g###.##.###......
...#..###.####.##g##.##.# #######
.................g.#.##.# ######
####..########.##.##.##.##.......
##.# # ##............... #.#
###.############ #+# #.#####{####
#.....{{...#


You could see 3 gnolls.

Action                   |  1- 3 |  4- 6 || total
-------------------------+-------+-------++-------
Melee: Short sword       |   160 |    26 ||   186
       Dagger            |       |    44 ||    44
       Hand axe          |       |    16 ||    16
Throw: Javelin           |     5 |       ||     5
 Abil: Shaft Self        |     1 |       ||     1
       Dig               |     1 |     5 ||     6
  Eat: Chunk             |     1 |     4 ||     5

Notes
Turn   | Place    | Note
--------------------------------------------------------------
     0 | D:1      | Duffy the Formicid Hunter began the quest for the Orb.
     0 | D:1      | Reached XP level 1. HP: 16/16 MP: 1/1
    13 | D:1      | You fall through a shaft!
   444 | D:2      | Reached XP level 2. HP: 19/23 MP: 2/2
   457 | D:1      | Reached skill level 3 in Fighting
   616 | D:1      | Reached skill level 1 in Armour
   808 | D:1      | Reached XP level 3. HP: 11/29 MP: 3/3
  1082 | D:1      | Reached skill level 2 in Armour
  1534 | D:1      | Reached XP level 4. HP: 28/35 MP: 4/4
  1865 | D:1      | Reached skill level 3 in Armour
  2114 | D:1      | You fall through a shaft!
  2208 | D:2      | Reached skill level 1 in Axes
  2299 | D:2      | Slain by a gnoll

Vault maps used:
D:1:      dpeg_arrival_radiant, bh_walls_and_bars
D:2:      first_bread, hangedman_ru_absence

Vanquished Creatures
  2 gnolls
  An ooze
  A worm
  A dart slug
  2 giant cockroaches
  10 goblins
  5 hobgoblins
  8 jackals
  2 quokkas
  4 bats
  A giant newt
  7 kobolds
  3 rats
47 creatures vanquished.
